 Dungeon Crawl Stone Soup version 0.28.0-47-ge53b351184 (webtiles) character file.

Game seed: 13682318098923601236

1712 KamiKatze the Conjurer (level 9, 0/51 HPs)
             Began as an Octopode Conjurer on Apr 26, 2022.
             Slain by a centaur
             ... wielding a +0 long sword
              (7 damage)
             ... on level 7 of the Dungeon.
             The game lasted 00:26:23 (8176 turns).

KamiKatze the Conjurer (Octopode Conjurer)          Turns: 8176, Time: 00:26:24

Health: 0/51       AC:  1    Str:  7    XL:     9   Next: 4%
Magic:  17/17      EV: 13    Int: 24    God:
Gold:   269        SH:  0    Dex: 10    Spells: 7/18 levels left

rFire   + . .      SeeInvis .   i - +2 short sword (venom)
rCold   . . .      Faith    .   (no shield)
rNeg    . . .      Spirit   .   (helmet restricted)
rPois   .          Reflect  .   (no amulet)
rElec   .          Harm     .   h - ring of protection from fire
rCorr   .          Rampage  .   (no ring)
Will    .....                   (no ring)
Stlth   +++.......              (no ring)
HPRegen 0.17/turn               (no ring)
MPRegen 0.15/turn               (no ring)
                                (no ring)
                                (no ring)

@: no status effects
A: almost no armour, amphibious, 8 rings, camouflage 1, gelatinous body 1,
(nimble swimmer 1), tentacles
a: no special abilities


You were on level 7 of the Dungeon.
You visited 2 branches of the dungeon, and saw 8 of its levels.

You collected 295 gold pieces.
You spent 26 gold pieces at shops.

Inventory:

Hand Weapons
 a - a +0 dagger
 e - a +3 dagger
 i - a +2 short sword of venom (weapon)
Missiles
 d - 91 stones
 k - 15 poisoned darts (quivered)
Jewellery
 h - a ring of protection from fire (left tentacle)
 r - an amulet of faith
Wands
 q - a wand of paralysis (11)
Scrolls
 b - 4 scrolls of teleportation {unknown}
 f - 5 scrolls of identify {unknown}
 j - 3 scrolls of immolation {unknown}
 n - 3 scrolls of enchant weapon {unknown}
 o - a scroll of fog
 t - a scroll of blinking {unknown}
 x - a scroll of noise {unknown}
Potions
 c - 2 potions of curing {unknown}
 g - 2 potions of heal wounds {unknown}
 l - 2 potions of haste {unknown}
 m - a potion of ambrosia {unknown}
 p - 4 potions of lignification {unknown}
 s - a potion of attraction {unknown}
 u - a potion of cancellation {unknown}
 v - a potion of might {unknown}
 w - a potion of brilliance {unknown}
 z - 2 potions of berserk rage {unknown}


   Skills:
 - Level 3.0 Dodging
 - Level 4.0 Stealth
 * Level 5.3 Spellcasting
 * Level 6.7 Conjurations
 * Level 5.1 Hexes
 * Level 5.1 Translocations


You had 7 spell levels left.
You knew the following spells:

 Your Spells              Type           Power      Damage    Failure   Level
a - Magic Dart            Conj           100%       1d8       1%          1
b - Searing Ray           Conj           76%        2d7       1%          2
c - Fulminant Prism       Conj/Hex       17%        3d11      8%          4
d - Iskenderun's Mystic   Conj/Tloc      34%        2d8       8%          4

Your spell library contained the following spells:

 Spells                   Type           Power      Damage    Failure   Level
 Dazzling Flash           Conj/Hex       70%        N/A       2%          3


Dungeon Overview and Level Annotations

Branches:
Dungeon (7/15)             Temple (1/1) D:4

Altars:
Ashenzari
Dithmenos
Gozag
Hepliaklqana
Kikubaaqudgha
Makhleb
Okawaru
Qazlal
Trog
Uskayaw
Wu Jian
Xom
Yredelemnul
Zin

Shops:
D:4 *

Annotations:
D:7 Harold, Pikel


Innate Abilities, Weirdness & Mutations

You cannot wear most types of armour.
You are amphibious.
You can wear up to eight rings at the same time.
Your skin changes colour to match your surroundings (Stealth+).
Your rubbery body absorbs attacks. (AC +1, EV +1)
((You are camouflaged when in or above water. (Stealth+)))
You have tentacles for arms and can constrict up to eight enemies at once.


Message History

Press: ? - help, Dir - move target You conjure a prism of explosive energy!
A fulminant prism comes into view.
The centaur shoots an arrow.
The arrow hits your fulminant prism!
Your fulminant prism detonates feebly.
Unknown command.
The hound stops to sniff the ground.
The hound closely misses you.
The centaur shoots an arrow.
The arrow hits you! The hound bites you.
You climb upwards.
There is a stone staircase leading down, spattered with blood here.
You hit the hound.
The hound is poisoned.
Your grab misses the hound.
The hound is moderately wounded.
The hound barely misses you.
You hit the hound.
The hound looks as sick as possible!
You grab the hound. You squeeze the hound.
The hound is almost dead.
You constrict the hound, but do no damage.
You kill the hound!
You start resting.
Magic restored.
You start resting.
HP restored.
There is a stone staircase leading down, spattered with blood here.
You climb downwards.
Level annotation: Harold, Pikel The centaur shoots an arrow.
The arrow hits you!
The centaur shoots an arrow.
The arrow hits you!
There is a stone staircase leading up, spattered with blood here.
The centaur shoots an arrow.
The arrow hits you!
* * * LOW HITPOINT WARNING * * *
The centaur shoots an arrow.
The arrow hits you.
* * * LOW HITPOINT WARNING * * *
The centaur unwields a +0 shortbow.
The centaur wields a +0 long sword.
The centaur completely misses you. The centaur kicks you.
* * * LOW HITPOINT WARNING * * *
You hit the centaur.
The centaur is poisoned.
You squeeze the centaur.
The centaur is lightly wounded.
The centaur hits you with a +0 long sword!
You die...

#.#. .# #.#. ##.###
#... #....## ...
#...... ## ####
#.####....# .
...###.#..<....# #
#.#....[.(.......#.###.
#.#..###.####..c.......
#....# # #>.@$......
#yo.# #.#....####
###..y# #.#...##
.....<# #.#...#
###.......# #.#...#
#..)###.# #.....# #...#
......# #..K# ....#
#....


You could see a centaur (very poisoned).

Vanquished Creatures
  A steam dragon (D:6)
  A water moccasin (D:6)
  Duvessa (D:4)
  An ice beast (D:5)
  A centaur (D:5)
  An ogre (D:5)
  A lemure (D:6)
  A kobold brigand (D:7)
  2 phantoms (D:5)
  Blork the orc (D:5)
  A scorpion (D:4)
  Dowan (D:4)
  2 killer bees
  A bullfrog zombie (D:6)
  3 hounds
  A bullfrog skeleton (D:5)
  Crazy Yiuf (D:4)
  2 orc priests
  A scorpion zombie (D:5)
  2 iguanas (D:6)
  Natasha (thrice) (D:2)
  An orc wizard (D:4)
  A hound skeleton (D:5)
  Robin (D:2)
  4 gnolls
  5 adders
  A shadow imp (D:6)
  A white imp (D:6)
  2 worms
  2 dart slugs
  9 orcs
  4 ball pythons
  10 endoplasms
  4 giant cockroaches
  14 goblins
  13 hobgoblins
  4 jackals (D:5)
  5 quokkas
  5 bats
  3 frilled lizards
  11 kobolds
  3 rats (D:1)
132 creatures vanquished.

Vanquished Creatures (others)
  9 fulminant prisms
  5 fungi (D:3)
  4 plants (D:3)
18 creatures vanquished.

Grand Total: 150 creatures vanquished

Notes
Turn   | Place    | Note
-------+----------+-------------------------------------------
     0 | D:1      | KamiKatze the Octopode Conjurer began the quest for the
                  | Orb.
     0 | D:1      | Reached XP level 1. HP: 11/11 MP: 3/3
   259 | D:1      | Reached XP level 2. HP: 8/17 MP: 0/5
   325 | D:1      | Learned a level 2 spell: Searing Ray
   834 | D:2      | Reached XP level 3. HP: 21/21 MP: 3/6
   887 | D:2      | Reached skill level 1 in Hexes
   887 | D:2      | Reached skill level 1 in Translocations
  1376 | D:2      | Reached XP level 4. HP: 27/27 MP: 5/7
  1378 | D:2      | Noticed Robin
  1525 | D:2      | Killed Robin
  1763 | D:2      | Noticed Natasha
  1769 | D:2      | Killed Natasha
  2008 | D:2      | Noticed Natasha
  2017 | D:2      | Killed Natasha
  2018 | D:2      | Reached XP level 5. HP: 31/31 MP: 3/9
  2165 | D:2      | Noticed Natasha
  2169 | D:2      | Killed Natasha
  2304 | D:3      | Learned a level 4 spell: Fulminant Prism
  2748 | D:3      | Found a faded altar of an unknown god.
  3040 | D:4      | Reached XP level 6. HP: 22/36 MP: 0/10
  3180 | D:4      | Learned a level 4 spell: Iskenderun's Mystic Blast
  3315 | D:4      | Found a runed translucent door.
  3316 | D:4      | Noticed Crazy Yiuf
  3492 | D:4      | Noticed Duvessa
  3616 | D:4      | Found Witrurys's General Store.
  3621 | D:4      | Bought a scroll of fog for 26 gold pieces
  3717 | D:4      | Noticed Dowan
  3743 | D:5      | Entered Level 5 of the Dungeon
  3764 | D:5      | Reached skill level 5 in Conjurations
  3836 | D:5      | Noticed an ice beast
  3854 | D:5      | Killed an ice beast
  3855 | D:5      | Reached XP level 7. HP: 41/41 MP: 4/12
  4427 | D:5      | Noticed Blork the orc
  4431 | D:5      | Killed Blork the orc
  4906 | D:5      | Reached XP level 8. HP: 30/46 MP: 11/14
  5239 | D:4      | Killed Duvessa
  5672 | D:4      | Killed Dowan
  5673 | D:4      | Reached skill level 6 in Conjurations
  5781 | D:4      | Found a staircase to the Ecumenical Temple.
  5788 | Temple   | Entered the Ecumenical Temple
  6084 | D:4      | Killed Crazy Yiuf
  7204 | D:6      | Reached skill level 5 in Spellcasting
  7495 | D:7      | Noticed Harold
  7554 | D:7      | Noticed Pikel
  7748 | D:6      | Reached skill level 5 in Hexes
  7748 | D:6      | Reached skill level 5 in Translocations
  7748 | D:6      | Reached XP level 9. HP: 4/51 MP: 6/16
  8176 | D:7      | Slain by a centaur

Illustrated notes

Levels and vault maps discovered:
D:1:      evilmike_arrival_rings, layout_rooms, minmay_misc_feat_tower,
          hex_large
D:2:      layout_loops_cross, kennysheep_another_room, uniq_natasha, uniq_robin
D:3:      layout_loops_ring, shapermc_ecumenical_altar_mp_urbaneastern
D:4:      layout_loops_ring, temple_green, serial_shops, shop, st_stairs_5,
          uniq_duvessa, uniq_crazy_yiuf_cottage
D:5:      layout_basic, minmay_misc_feat_hallway, uniq_blork_the_orc
D:6:      layout_loops_ring
D:7:      layout_loops_ring, mainiacjoe_overflow_paths,
          gammafunk_temple_overflow_wave, supply_closet_lemuel,
          minmay_small_thing, uniq_harold, uniq_pikel
Temple:   minmay_temple_curvy_branch

Skill      XL: |  1  2  3  4  5  6  7  8 |
---------------+-------------------------+-----
Stealth        | 3 4 |  4.0
Hexes          | 1 2 3 5 |  5.1
Translocations | 1 2 3 5 |  5.1
Spellcasting   | 3 4 5 |  5.3
Dodging        | 3 |  3.0
Conjurations   | 5 6 |  6.7

Action                   |  1- 3 |  4- 6 |  7- 9 || total
-------------------------+-------+-------+-------++-------
Melee: Tentacles         |     1 |     1 |    11 ||    13
       Unarmed           |     1 |       |       ||     1
       Dagger            |     3 |    10 |       ||    13
       Constrict         |       |     4 |    10 ||    14
       Short sword       |       |     3 |    37 ||    40
Throw: Stone             |     1 |       |       ||     1
       Dart              |       |       |     3 ||     3
 Cast: Magic Dart        |    60 |    65 |    28 ||   153
       Searing Ray       |     5 |    20 |    25 ||    50
       Fulminant Prism   |       |       |     9 ||     9
       Iskenderun's Myst |       |       |     4 ||     4
 Stab: Sleeping          |       |     2 |     1 ||     3
Armor: Skin              |       |     1 |     2 ||     3
Dodge: Dodged            |     4 |    13 |    50 ||    67
